Map: 亚历山大港 - 天梯版

Players

RiSky - Winner!

  • Race: Zerg Zerg

Sioras

  • Race: Zerg Zerg

Event: WESG 2018 Grand Finals

VOD

Have the link to the VOD?

Description

Time

  • Played on: March 11, 2019, 12:58 a.m.
  • Length: 13:35

All games in this series

Show
View Real Time Build Order
Export as new Build Order

RiSky Zerg - Winner!

Build Orders: Hatch First 

Get SALT Encoding   

  12  0:00  Drone  
  13  0:12  Overlord  
  13  0:17  Drone  
  14  0:31  Drone x2  
  16  0:50  Hatchery  
  16  0:52  Drone  
  16  0:56  Drone  
  17  1:00  Drone  
  18  1:10  Extractor  
  17  1:15  Spawning Pool  
  17  1:18  Drone  
  17  1:21  Drone  
  18  1:30  Drone  
  19  1:38  Drone  
  20  1:49  Overlord  
  20  2:01  Drone  
  20  2:02  Queen x2, Drone  
  26  2:11  Drone  
  26  2:12  Metabolic Boost  
  26  2:14  Zergling x2  
  28  2:22  Zergling x2  
  29  2:23  Zergling x2  
  30  2:36  Drone  
  31  2:37  Drone  
  31  2:47  Drone  
  31  2:48  Drone  
  35  2:53  Baneling Nest  
  35  2:57  Drone  
  33  3:03  Drone  
  34  3:05  Hatchery  
  34  3:08  Overlord  
  34  3:12  Drone  
  34  3:14  Drone x2  
  36  3:27  Overlord, Drone  
  36  3:29  Drone x3  
  36  3:30  Evolution Chamber  
  39  3:34  Roach Warren  
  39  3:35  Zergling x2  
  39  3:38  Zergling x2  
  40  3:44  Zergling x6  
  40  3:46  Drone  
  40  3:47  Drone  
  45  3:52  Drone  
  45  3:53  Drone  
  45  3:54  Drone  
  45  3:55  Drone  
  49  3:58  Zerg Missile Weapons Level 1  
  49  4:03  Overlord  
  49  4:05  Drone  
  49  4:07  Extractor  
  49  4:10  Lair  
  49  4:13  Drone  
  49  4:15  Drone  
  51  4:18  Drone x2  
  51  4:19  Drone  
  51  4:20  Drone  
  51  4:22  Extractor  
  54  4:24  Drone  
  54  4:29  Drone x2  
  54  4:31  Roach x2  
  59  4:35  Queen  
  61  4:42  Roach x2  
  61  4:43  Roach  
  66  4:48  Overlord x2  
  66  4:54  Overlord  
  66  4:58  Overlord  
  66  5:02  Overlord  
  66  5:06  Roach  
  68  5:07  Drone x3  
  68  5:09  Overlord  
  68  5:11  Overseer  
  73  5:14  Roach x2  
  73  5:19  Overlord  
  73  5:21  Drone  
  76  5:25  Overlord  
  76  5:26  Roach x3  
  82  5:29  Roach  
  82  5:33  Roach  
  85  5:38  Roach x2  
  89  5:45  Roach x4  
  97  5:56  Roach x6  
  109  6:00  Roach  
  108  6:05  Roach x2  
  108  6:10  Overlord  
  112  6:12  Extractor  
  112  6:13  Glial Reconstitution  
  112  6:15  Drone x3  
  112  6:17  Extractor  
  113  6:18  Drone x2  
  113  6:19  Drone x3  
  117  6:25  Drone  
  117  6:29  Zerg Missile Weapons Level 2, Drone x2  
  120  6:34  Drone  
  120  6:37  Drone  
  120  6:38  Overlord  
  122  6:42  Drone x2  
  122  6:44  Roach, Extractor  
  122  6:45  Roach x2  
  129  6:48  Drone x2  
  129  6:50  Roach x2  
  135  6:55  Roach  
  135  6:56  Overlord x2  
  135  7:00  Overlord  
  137  7:02  Roach  
  137  7:07  Roach  
  141  7:10  Roach x2  
  141  7:11  Overlord x2  
  141  7:13  Ravager  
  146  7:16  Overlord  
  146  7:19  Ravager x3  
  146  7:20  Roach x3  
  146  7:22  Roach  
  157  7:25  Roach  
  159  7:30  Roach x2  
  159  7:31  Roach  
  159  7:36  Roach  
  167  7:40  Roach x2  
  167  7:41  Roach x2  
  167  7:43  Pneumatized Carapace  
  175  7:46  Roach  
  175  7:49  Roach x2  
  175  7:50  Hatchery  
  180  7:53  Roach x2  
  180  7:55  Overlord  
  184  7:59  Roach  
  184  8:03  Overseer  
  186  8:09  Roach  
  186  8:10  Roach  
  180  8:13  Roach x2  
  180  8:14  Overseer  
  180  8:15  Roach x3  
  180  8:16  Roach x3  
  186  8:22  Roach x2  
  186  8:24  Roach x2  
  174  8:31  Roach x2  
  146  8:34  Roach  
  146  8:37  Roach x3  
  146  8:40  Roach x3  
  146  8:41  Roach  
  145  8:42  Ravager  
  145  8:46  Roach x2  
  144  8:52  Burrow  
  144  8:53  Roach  
  146  8:58  Tunneling Claws  
  146  9:01  Roach x3  
  152  9:07  Roach x2  
  156  9:12  Roach x3  
  156  9:15  Roach x3  
  170  9:17  Roach x2  
  170  9:19  Roach  
  170  9:23  Roach x2  
  178  9:25  Roach  
  180  9:32  Roach x3  
  180  9:33  Ravager  
  180  9:37  Roach x2  
  191  9:42  Roach x3  
  191  9:44  Roach  
  199  9:57  Roach x8  
  199  10:14  Roach  
  199  10:17  Roach x9, Extractor  
  199  10:20  Roach x2  
  200  10:26  Roach  
  200  10:27  Roach  
  200  10:32  Roach  
  200  10:33  Roach  
  200  10:34  Roach x2  
  198  10:38  Roach  
  198  10:40  Roach x4  
  198  10:42  Roach  
  196  10:43  Roach x3  
  196  10:44  Roach  
  196  10:45  Roach x2  
  196  10:47  Zerg Ground Armor Level 1  
  198  10:59  Roach  
  193  11:05  Roach x5  
  191  11:11  Roach x4  
  191  11:17  Roach x2  
  187  11:27  Roach x2  
  187  11:28  Roach x3, Ravager  
  187  11:29  Ravager x2  
  200  11:33  Roach  
  200  11:35  Roach x4  
  200  11:45  Roach x2  
  200  11:48  Roach x7  
  200  11:54  Infestation Pit  
  197  12:03  Roach x2  
  197  12:10  Ravager x2, Extractor  
  197  12:15  Roach x7  
  198  12:18  Roach x7  
  192  12:30  Hydralisk Den  
  191  12:40  Roach x4  
  197  12:46  Roach  
  197  12:47  Roach x6  
  197  12:49  Roach x4  
  197  12:50  Roach x4  
  190  12:52  Roach x3  
  190  12:53  Roach x3  
  190  12:55  Roach x11  
  190  12:58  Roach x3  
  188  13:04  Roach x6  
  191  13:08  Roach  
  191  13:12  Roach x2  
  193  13:13  Ravager x3  
  193  13:14  Ravager x3  
  197  13:21  Ravager x3  
Show
View Real Time Build Order
Export as new Build Order

Sioras Zerg 

Build Orders: Pool First 

Get SALT Encoding   

  12  0:01  Drone  
  13  0:08  Drone  
  14  0:17  Overlord  
  14  0:23  Drone, Extractor  
  15  0:36  Drone  
  15  0:41  Spawning Pool  
  15  0:45  Drone  
  15  0:49  Drone  
  17  1:10  Hatchery  
  16  1:13  Drone  
  17  1:28  Zergling x6  
  17  1:29  Extractor  
  19  1:34  Queen  
  21  1:41  Overlord  
  21  1:50  Drone  
  22  2:00  Drone  
  23  2:09  Queen  
  23  2:13  Drone  
  26  2:21  Queen  
  26  2:22  Drone x2  
  30  2:34  Drone x2  
  32  2:43  Drone x2  
  33  2:45  Drone x2  
  33  2:49  Overlord  
  35  2:55  Lair  
  35  3:02  Evolution Chamber, Drone  
  35  3:08  Drone x2  
  35  3:09  Drone  
  38  3:15  Roach Warren  
  38  3:17  Drone  
  38  3:20  Drone  
  38  3:21  Drone  
  38  3:23  Drone  
  41  3:30  Extractor  
  41  3:31  Zerg Missile Weapons Level 1, Drone  
  41  3:33  Drone  
  42  3:35  Drone  
  42  3:38  Overlord  
  43  3:44  Overlord  
  43  3:57  Drone  
  43  3:58  Drone x2  
  43  4:00  Roach x2  
  50  4:06  Drone x3  
  53  4:13  Roach  
  53  4:14  Roach x2  
  59  4:20  Extractor  
  59  4:21  Drone  
  59  4:22  Overlord  
  59  4:28  Roach  
  60  4:31  Glial Reconstitution  
  60  4:41  Roach  
  60  4:42  Roach  
  64  4:47  Overlord  
  64  4:49  Hatchery  
  64  4:51  Roach x2  
  67  4:55  Overlord  
  67  5:00  Overlord  
  67  5:06  Roach x4  
  75  5:12  Overlord x2  
  75  5:14  Roach x3  
  81  5:24  Roach  
  81  5:27  Drone  
  84  5:30  Drone  
  85  5:36  Drone x3  
  85  5:37  Zerg Missile Weapons Level 2  
  85  5:38  Drone x2  
  85  5:40  Overlord  
  90  5:46  Drone  
  90  5:57  Drone  
  90  6:00  Drone x2  
  88  6:05  Queen, Drone  
  88  6:11  Drone x3  
  91  6:12  Drone  
  91  6:15  Roach x2  
  91  6:16  Extractor  
  91  6:18  Roach x3  
  101  6:23  Roach x2  
  101  6:25  Queen  
  105  6:27  Overlord  
  105  6:32  Roach  
  109  6:35  Roach  
  111  6:41  Roach  
  111  6:42  Roach  
  115  6:48  Roach x4  
  115  6:53  Ravager x2  
  125  6:54  Roach x2  
  125  6:56  Overlord x3  
  129  7:05  Overlord  
  129  7:13  Overlord  
  129  7:14  Roach x4  
  129  7:15  Roach  
  139  7:18  Roach  
  139  7:21  Ravager  
  142  7:23  Ravager  
  142  7:25  Roach x5  
  153  7:30  Overlord  
  153  7:31  Overlord  
  153  7:34  Roach x3  
  159  7:37  Roach  
  159  7:38  Roach  
  159  7:42  Roach x2  
  167  7:46  Roach  
  169  7:52  Roach  
  169  7:53  Roach x3  
  179  7:58  Roach  
  179  7:59  Roach  
  179  8:05  Roach x2  
  159  8:22  Roach x3  
  159  8:26  Roach  
  151  8:29  Roach x2  
  151  8:30  Roach x5  
  151  8:32  Roach x2  
  136  8:37  Roach  
  136  8:41  Roach x3  
  124  8:48  Roach x4  
  126  8:53  Roach x2  
  130  8:57  Roach  
  130  8:58  Roach  
  130  9:00  Roach  
  136  9:05  Overlord  
  136  9:09  Roach  
  138  9:14  Roach x2  
  142  9:18  Roach  
  144  9:24  Roach x2  
  144  9:29  Roach x2  
  152  9:33  Roach x3  
  152  9:34  Hatchery  
  157  9:40  Roach x2  
  157  9:41  Roach  
  163  9:46  Overlord  
  163  9:48  Roach x2  
  163  9:49  Roach  
  169  9:59  Roach  
  175  10:00  Roach x4  
  179  10:11  Overseer  
  179  10:14  Overseer  
  179  10:18  Spine Crawler  
  179  10:20  Roach x7  
  190  10:28  Roach x4  
  195  10:36  Overseer  
  195  10:41  Roach  
  195  10:42  Roach x2  
  199  10:45  Ravager  
  198  10:58  Roach  
  194  11:11  Ravager x2  
  181  11:13  Roach x4  
  181  11:16  Drone  
  181  11:17  Drone x4  
  186  11:20  Ravager  
  187  11:29  Roach x4  
  195  11:50  Ravager  
  195  11:52  Hatchery  
  192  12:03  Pneumatized Carapace  
  192  12:05  Overlord x2  
  189  12:32  Roach x5  
  194  12:49  Roach x3  
  194  12:50  Roach x4  
  164  12:51  Hatchery  
  164  12:54  Roach x2  
  136  13:01  Roach  
  140  13:05  Roach  
  140  13:06  Roach  
Tags
 
Add a new tag
Caveats
  • Supply blocks, unpowered buildings, or Contaminate may cause inaccurate times.
  • Supply counts are checked every 10 seconds.